← All builds
Suicide front / Armada / Factory first / OBSERVED BUILD

Standard suicide front

Armada Suicide front build order · Supreme Isthmus

The role's standard play: bot lab first, Rocketeer/Centurion/Pawn based force pushes into the middle to contest and hold it until T2 arrives.

Usually lab first (63%)

#rush #push · 1368 distinct matches · 134 players · 71% of Armada Suicide front games · team won 59% of 1621 · Recently observed

HOW TO PLAY IT

Key timing: Bot Lab by 0:20

  1. Open with mex and wind, drop Bot Lab immediately.
  2. Push out first "Centurion" as Pond's boost lands.
  3. Send "Rocketeer", "Centurion", "Pawn" mix to contest middle.
  4. Add Dragon's Teeth and Sentries to hold the line.
  5. Get Advanced Metal Extractor up as T2 nears.

Phase by phase

TYPICAL OF ITS 1368 GAMES
  1. 1
  2. 2
  3. 3
PLAY THE OPENING

Follow the example game's first 6:00 step by step: what to build now, what comes next, and where it goes. At 1× it keeps pace with your own game.

  1. 1

    Bot Lab first

    Order
    1. Bot LabBot Lab done ~0:20, middle half 0:20–0:33

    Some games also: mex (36%)

  2. 2

    Bot Lab to 5:00

    Economy
    • Metal Extractor5Mex
    • Wind Turbine4Wind
    Builders
    • Construction Bot3 Con bot
    • Lazarus2 Lazarus
    Army
    • Sentry4 Sentry
    • Rocketeer17 Rocketeer
    • Tick2 Tick
    • Centurion1 Centurion
    Other
    • Radar Tower1 Radar Tower

    Some games also: con turret (35%) · pawn (34%)

    By 5:00 in all: 5 mex · 4 wind

    The example game in this phase · 20 steps
    1. Mex
    2. Windfor Front
    3. Bot LabBot Labfor Frontdone 0:39 · typical 0:20
    4. TickTick
    5. Windfor Front
    6. LazarusLazarus ×2
    7. CenturionCenturion
    8. Construction BotCon botfor Front
    9. Mexfor Front
    10. Mex
    11. Construction BotCon bot ×2for Front
    12. Radar TowerRadar Tower
    13. Construction BotCon botfor Front
    14. Mex
    15. RocketeerRocketeer ×2
    16. SentrySentry
    17. RocketeerRocketeer ×13
    18. PawnPawn ×5
    19. LazarusLazarus
    20. PawnPawn ×8
  3. 3

    5:00 to 10:00

    Economy
    • Metal Extractor1Mex
    • Wind Turbine17Wind
    Builders
    • Construction Turret2 Con turret
    • Lazarus2 Lazarus
    • Construction Bot1 Con bot
    Army
    • Sentry1 Sentry
    • Rocketeer8 Rocketeer
    • Pawn1 Pawn

    Some games also: tick (48%) · Radar Tower (46%) · energy storage (46%) · centurion (45%) · Beamer (39%)

    By 10:00 in all: 6 mex · 22 wind · 1 energy storage · 3 con turret

    The example game in this phase · 46 steps
    1. PawnPawn
    2. Construction BotCon botfor Front
    3. Windfor Front
    4. Construction BotCon botfor Front
    5. Windfor Front
    6. PawnPawn ×2
    7. Windfor Front
    8. PawnPawn ×2
    9. Windfor Front
    10. PawnPawn ×3
    11. Windfor Front
    12. PawnPawn ×2
    13. Windfor Front
    14. PawnPawn ×2
    15. LazarusLazarus
    16. Energy storagefor Front
    17. LazarusLazarus
    18. PawnPawn ×3
    19. Con turretfor Front
    20. PawnPawn
    21. Windfor Front
    22. PawnPawn
    23. Windfor Front
    24. SentrySentryfor Front
    25. PawnPawn ×2
    26. Radar TowerRadar Tower
    27. PawnPawn
    28. Windfor Front
    29. PawnPawn ×2
    30. LazarusLazarus
    31. PawnPawn
    32. Windfor Front
    33. PawnPawn ×3
    34. Windfor Front
    35. PawnPawn ×3
    36. Windfor Front
    37. PawnPawn ×2
    38. Windfor Front
    39. Con turret
    40. Windfor Front
    41. Con turret
    42. PawnPawn
    43. BeamerBeamer
    44. Windfor Front
    45. BeamerBeamer
    46. PawnPawnfor Front

Counts are medians over the build's games: half of them build more, half fewer. The example game is iyc's (51 OS, 04/10/2026); pick another.

Team trades

IN AT LEAST 30% OF ITS GAMES

You hand over

Nothing regular.

You get

  • Tidal Generator4 Tidal from Pondfirst at 0:10 · in 69% of games
  • Advanced Construction Bot1 T2 con bot from Geo or Techfirst at 7:31 · in 59% of games

How it plays out

Typical game of this build, running totals by minute

Metal produced

010k20k30k
0:005:0010:0015:00

metal

Enemy metal destroyed

05k10k
0:005:0010:0015:00

metal

Own metal lost

05k10k
0:005:0010:0015:00

metal

1621 games.

Show as table
ByMetal produced: This buildEnemy metal destroyed: This buildOwn metal lost: This build
1:0022500
2:0088800
3:002046181106
4:003153660497
5:00424114221018
6:00543323011782
7:00667031722707
8:00792340313619
9:00928647894501
10:001067154225319
11:001222658996061
12:001407765146803
13:001615870297521
14:001798976828328
15:002029783029185
WHAT THE NUMBERS SAY

Standard suicide front play wins slightly more than half its games with fast kills but also fast losses, matching the raw grind of the role.

  • + First kill lands by 2:04 in all games
  • + Metal produced reaches 19882 by 15:00
  • − Own metal lost hits 9208 by 15:00, near metal destroyed of 8172
  • − First unit lost as early as 2:08 in every game
THE EXAMPLE YOU ARE READING

iyc

51.5 OS · 04/10/2026

Open source match ↗

14 received units
58 metal received · 14721 energy received

Allied construction assistance is unknown. Timings are observations, not a promise of solo reproducibility.

Typical milestones

Bot Lab0:20Middle 50%: 0:20–0:33 · n=1614
Advanced Metal Extractor9:37Middle 50%: 8:42–10:48 · n=1196

Played most by

_X_255games of this buildPlatinumBlonde183games of this buildXad147games of this buildImmort78games of this buildTrapCaT66games of this build